 Dungeon Crawl Stone Soup version 0.21-a0-633-g4c047d5 (webtiles) character file.

7175 hyperaryth the Envoy of Void (level 10, 0/82 HPs)
             Began as a Demonspawn Abyssal Knight on Dec 28, 2017.
             Was a High Priest of Lugonu.
             Slain by a wolf (9 damage)
             ... on level 11 of the Dungeon.
             The game lasted 01:01:20 (17722 turns).

hyperaryth the Envoy of Void (DsAK)                Turns: 17722, Time: 01:01:22

Health: 0/82       AC:  6    Str: 13    XL:     10   Next: 86%
Magic:  7/17       EV: 15    Int: 15    God:    Lugonu [*****.]
Gold:   559        SH:  0    Dex: 14    Spells: 9/9 levels left

rFire    . . .     SeeInvis .   a - +1 falchion
rCold    . . .     Gourm    .   (no shield)
rNeg     . . .     Faith    .   b - +0 leather armour
rPois    .         Spirit   .   (helmet restricted)
rElec    .         Reflect  .   (no cloak)
rCorr    .         Harm     .   (no gloves)
MR       .....                  (no boots)
Stlth    +.........             (no amulet)
HPRegen  0.23/turn              (no ring)
MPRegen  0.15/turn              (no ring)

@: heavily drained
A: horns 2, yellow scales 2, demonic guardian 1
a: Depart the Abyss, Bend Space, Banish, Corrupt, Enter the Abyss, Renounce
Religion


You were on level 11 of the Dungeon.
You worshipped Lugonu.
Lugonu was extremely pleased with you.
You were not hungry.

You visited 1 branch of the dungeon, and saw 11 of its levels.
You visited the Abyss 1 time.

You collected 559 gold pieces.

Inventory:

Hand Weapons
 a - a +1 falchion (weapon)
Armour
 b - a +0 leather armour (worn)
 d - a +0 pair of gloves
 h - the +0 pair of gloves "Reumudghoa" {rF- Str+4 Dex+7}
   (You found it on level 6 of the Dungeon)

   It affects your strength (+4).
   It affects your dexterity (+7).
   It makes you vulnerable to fire.
 m - a +0 shield
Jewellery
 i - a +5 ring of evasion {unknown}
 r - an uncursed ring of fire {unknown}
 u - a +4 ring of dexterity {unknown}
 w - an uncursed ring of ice {unknown}
Wands
 l - a wand of flame (21)
 n - a wand of random effects (17)
Scrolls
 g - 2 scrolls of amnesia
 p - a scroll of enchant weapon {unknown}
 q - a scroll of silence {unknown}
 s - a scroll of fear {unknown}
 y - 2 scrolls of remove curse
 A - a scroll of magic mapping
 D - a scroll of immolation {unknown}
 E - a scroll of identify
Potions
 e - 5 potions of might
 f - 2 potions of degeneration
 k - a potion of resistance
 o - a potion of magic
 t - a potion of brilliance
 v - a potion of lignification {unknown}
 z - 3 potions of flight {unknown}
Books
 x - a book of Necromancy

   Spells                             Type                      Level
   a - Pain                           Necromancy                   1
   b - Animate Skeleton               Necromancy                   1
   c - Vampiric Draining              Necromancy                   3
   d - Regeneration                   Charms/Necromancy            3
   e - Animate Dead                   Necromancy                   4
   f - Borgnjor's Vile Clutch         Necromancy/Earth             5
 C - a book of Debilitation

   Spells                             Type                      Level
   a - Corona                         Hexes                        1
   b - Slow                           Hexes                        2
   c - Inner Flame                    Hexes/Fire                   3
   d - Portal Projectile              Hexes/Translocation          3
   e - Cause Fear                     Hexes                        4
   f - Leda's Liquefaction            Hexes/Earth                  4
Comestibles
 c - 10 rations
 B - 3 chunks of flesh


   Skills:
 - Level 8.9(7.6) Fighting
 + Level 9.1(7.7) Long Blades
 - Level 1.7(0.6) Armour
 - Level 7.2(5.9) Dodging
 - Level 1.0(0.0) Stealth
 - Level 10.0(8.6) Invocations


You had 9 spell levels left.
You didn't know any spells.

Dungeon Overview and Level Annotations

Branches:
Dungeon (11/15)            Temple (0/1) D:4             Orc (0/2) D:10
   Lair: D:8-11

Altars:
Elyvilon
Trog
Yredelemnul

Annotations:
D:11 corrupted


Innate Abilities, Weirdness & Mutations

You have a pair of horns on your head.
You are mostly covered in yellow scales. (AC +3)
A weak demonic guardian rushes to your aid.


Message History

The orc wizard seems to speed up.
The wolf bites you!
* * * LOW HITPOINT WARNING * * *
The wolf bites you.
* * * LOW HITPOINT WARNING * * *
Things that are here:
a dagger; a robe You feel better.
The wolf bites you.
* * * LOW HITPOINT WARNING * * *
Something hits the black bear!
Space warps horribly around the black bear!
The black bear dies!
The wolf barely misses you.
You riposte.
You barely miss the wolf.
The wolf is lightly wounded.
The orc wizard casts a spell.
The orc wizard flickers and vanishes!
Deactivating autopickup; reactivate with Ctrl-A.
The wolf barely misses you. The orc warrior hits you with a flail!
* * * LOW HITPOINT WARNING * * *
The wolf bites you!
You die...

#...#.##....♣...P. #.
#............(..## #.
#................# ##.
.#....#.##s.t.....#
...#####.#.........t.........
.........#...#....o#o####....
.........#..3...{#'...... ...
.........#.....hho.#.... #
...<.....#......@h......#
#....)...+.....xXx.#.....
#......###........## ...#
#......#...#.......# 3.#
#......#....#.....X# .# ###
#......#...........# # ....
#......#............ .....
#......####........######......
#.........#....................


You could see an orc warrior, 2 crocodiles, 3 wolves, a scorpion, 2 orc wizards,
a neutral thrashing horror, a neutral large abomination, a neutral smoke demon
and 2 neutral small abominations.

Vanquished Creatures
  The ghost of Dustman the Arsonist, a novice BaFE of Vehumet (D:8)
  A merfolk (D:9)
  8 yaks
  A wyvern (D:8)
  A fire bat (D:10)
  2 hungry ghosts
  Duvessa (D:5)
  A hell hound (D:10)
  4 sky beasts
  2 orc warriors
  An ice beast (D:11)
  3 black bears
  A phantom (D:4)
  5 ogres
  5 centaurs
  A gnoll sergeant (D:8)
  8 bullfrogs
  7 wights
  2 jellies (D:6)
  3 crimson imps
  A bullfrog zombie (D:7)
  A quasit (D:7)
  2 centaur zombies
  4 orc priests
  A hound (D:10)
  2 iguanas
  5 worker ants
  11 orc wizards
  A hound zombie (D:7)
  15 adders
  25 gnolls
  A howler monkey skeleton (D:4)
  3 oozes
  An adder skeleton (D:8)
  2 adder zombies
  A worm (D:5)
  2 dart slugs
  5 leopard geckos
  36 orcs
  8 giant cockroaches
  6 hobgoblins
  10 jackals
  6 quokkas
  2 ball pythons
  9 bats
  6 frilled lizards
  11 goblins
  8 kobolds
  A quokka skeleton (D:5)
  2 quokka zombies
  10 rats
256 creatures vanquished.

Vanquished Creatures (collateral kills)
  A hippogriff (D:8)
  A hungry ghost (D:7)
  An ice beast (D:6)
  A sky beast (D:8)
  A black bear (D:7)
  An ogre (D:5)
  A big kobold (D:8)
  A bullfrog (D:6)
  Dowan (D:5)
  A scorpion (D:4)
  A wight (D:8)
  2 hound skeletons (D:4)
  4 gnolls
  A leopard gecko (D:8)
  3 orcs
  2 jackals (D:5)
  A frilled lizard (D:4)
24 creatures vanquished.

Vanquished Creatures (others)
  A warg (D:9)
  A black bear (D:11)
  A fire vortex (D:10)
  A fungus (D:11)
4 creatures vanquished.

Grand Total: 284 creatures vanquished

Notes
Turn   | Place    | Note
-------+----------+-------------------------------------------
     0 | Abyss:1  | hyperaryth the Demonspawn Abyssal Knight began the quest for the Orb.
     0 | Abyss:1  | Reached XP level 1. HP: 18/18 MP: 2/2
    20 | D:1      | Escaped the Abyss
   191 | D:1      | Gained mutation: You have a pair of small horns on your head. [demonic ancestry]
   191 | D:1      | Reached XP level 2. HP: 22/24 MP: 3/3
   339 | D:1      | Reached ** piety under Lugonu
   806 | D:2      | Gained mutation: You are partially covered in yellow scales. (AC +2) [demonic ancestry]
   806 | D:2      | Reached XP level 3. HP: 29/29 MP: 4/4
  1183 | D:2      | Found a white marble altar of Elyvilon.
  1652 | D:3      | Reached XP level 4. HP: 33/35 MP: 5/5
  2198 | D:3      | Found a bloodstained altar of Trog.
  2260 | D:3      | Reached XP level 5. HP: 10/41 MP: 6/6
  2997 | D:3      | Reached *** piety under Lugonu
  2997 | D:3      | Reached skill level 5 in Long Blades
  3014 | D:3      | Reached skill level 1 in Stealth
  3609 | D:3      | Gained mutation: You are mostly covered in yellow scales. (AC +3) [demonic ancestry]
  3609 | D:3      | Reached XP level 6. HP: 29/47 MP: 7/7
  4005 | D:4      | Noticed a yak
  4006 | D:4      | Noticed a yak
  4009 | D:4      | Noticed a yak
  4081 | D:4      | Found a staircase to the Ecumenical Temple.
  4640 | D:4      | Gained mutation: A weak demonic guardian rushes to your aid. [demonic ancestry]
  4640 | D:4      | Reached XP level 7. HP: 23/52 MP: 8/8
  4973 | D:4      | Noticed a yak
  5306 | D:5      | Entered Level 5 of the Dungeon
  6071 | D:5      | Noticed Duvessa
  6072 | D:5      | Noticed Dowan
  6087 | D:5      | Killed Duvessa
  6203 | D:5      | Reached **** piety under Lugonu
  6478 | D:5      | Reached XP level 8. HP: 57/58 MP: 9/9
  6548 | D:5      | HP: 2/58 [poisoned by a gnoll]
  6556 | D:5      | HP: 2/58 [poisoned by a gnoll]
  6878 | D:5      | Killed Dowan
  7691 | D:6      | Reached skill level 1 in Dodging
  8073 | D:6      | Got a pair of jewelled gloves
  8084 | D:6      | Identified the cursed +0 pair of gloves "Reumudghoa" {rF- Str+4 Dex+7} (You found it on level 6 of the Dungeon)
  8722 | D:6      | Reached skill level 5 in Dodging
  9611 | D:7      | Reached XP level 9. HP: 63/63 MP: 10/10
 10318 | D:7      | Found a basalt altar of Yredelemnul.
 10460 | D:7      | Reached skill level 3 in Invocations
 10730 | D:7      | Reached skill level 4 in Invocations
 11075 | D:7      | Reached skill level 5 in Invocations
 11330 | D:7      | Reached ***** piety under Lugonu
 11360 | D:8      | Noticed Dustman's ghost (novice BaFE)
 11843 | D:8      | Reached skill level 6 in Invocations
 12126 | D:8      | Reached skill level 7 in Invocations
 12227 | D:8      | Noticed a two-headed ogre
 12410 | D:8      | Reached skill level 8 in Invocations
 13242 | D:8      | Killed Dustman's ghost
 13242 | D:8      | Reached skill level 9 in Invocations
 13480 | D:8      | Noticed a two-headed ogre
 13576 | D:8      | Gained mutation: You have a pair of horns on your head. [demonic ancestry]
 13576 | D:8      | Reached XP level 10. HP: 56/70 MP: 17/17
 13599 | D:9      | Noticed a two-headed ogre
 13860 | D:9      | Reached skill level 10 in Invocations
 14221 | D:9      | Noticed a two-headed ogre
 14525 | D:10     | Entered Level 10 of the Dungeon
 15029 | D:10     | Reached skill level 5 in Fighting
 15380 | D:10     | Found a staircase to the Orcish Mines.
 17720 | D:11     | Corrupted D:11
 17720 | D:11     | Noticed a smoke demon
 17720 | D:11     | Noticed a smoke demon
 17720 | D:11     | Noticed a thrashing horror
 17721 | D:11     | Noticed a spatial maelstrom
 17722 | D:11     | Slain by a wolf

Vault maps used:
D:1:      lightli_arrival_statue_moat, st_stairs_3
D:2:      elyvilon_altar_5
D:3:      trog_three_pillars_becter
D:4:      minmay_temple_entry_glassed_door, first_ration
D:5:      uniq_duvessa
D:7:      lemuel_doored_altar
D:9:      hangedman_fish_farm, corexii_checkpoint_a
D:10:     minmay_orc_entry_guard_dogs, hangedman_incinerator
D:11:     minmay_lair_entry_grove
Abyss:1:  hangedman_abyss_feature_spike

Skill      XL: |  1  2  3  4  5  6  7  8  9 10 |
---------------+-------------------------------+-----
Long Blades    | 2 3 4 5 7 8 9 |  9.1
Stealth        | 1 |  1.0
Dodging        | 6 7 |  7.2
Invocations    | 9 10 | 10.0
Fighting       | 8 |  8.9
Armour         | |  1.7

Action                   |  1- 3 |  4- 6 |  7- 9 | 10-12 || total
-------------------------+-------+-------+-------+-------++-------
Melee: Falchion          |   107 |   246 |   556 |   364 ||  1273
       Headbutt          |    12 |    38 |   116 |    84 ||   250
Invok: Bend Space        |       |       |       |     5 ||     5
       Banish            |       |       |       |     1 ||     1
       Corrupt           |       |       |       |     1 ||     1
Evoke: Wand              |       |       |       |     1 ||     1
  Use: Scroll            |     1 |     6 |     9 |     1 ||    17
       Potion            |       |       |     6 |     2 ||     8
 Stab: Distracted        |       |       |     6 |       ||     6
       Sleeping          |       |       |     2 |       ||     2
  Eat: Chunk             |     2 |    10 |    12 |     4 ||    28
       Ration            |       |       |     7 |     3 ||    10
Armor: Leather armour    |    46 |    78 |   146 |    65 ||   335
Dodge: Dodged            |    63 |   138 |   370 |   237 ||   808
       Rpst.: Falchion   |    27 |    49 |   109 |    71 ||   256

Table legend:
 A = Spawn XP
 B = Non-spawn XP
 C = Spawn XP percentage of total XP
 D = Spawn monster count
 E = Non-spawn monster count
 F = Spawn count percentage of total count
 G = Total turns spent on level
                    A         B        C        D         E        F      G
               +---------+---------+-------+---------+---------+-------+---------
         Total |       0 |   10251 |   0.0 |       0 |     282 |   0.0 | 17722
               +---------+---------+-------+---------+---------+-------+---------
           D:1 |       0 |      36 |   0.0 |       0 |      22 |   0.0 |   753
           D:2 |       0 |     116 |   0.0 |       0 |      24 |   0.0 |  1773
           D:3 |       0 |     294 |   0.0 |       0 |      39 |   0.0 |  1680
           D:4 |       0 |     568 |   0.0 |       0 |      33 |   0.0 |  1892
           D:5 |       0 |     591 |   0.0 |       0 |      26 |   0.0 |  1911
           D:6 |       0 |    1207 |   0.0 |       0 |      30 |   0.0 |  1657
           D:7 |       0 |    1245 |   0.0 |       0 |      22 |   0.0 |  2724
           D:8 |       0 |    1936 |   0.0 |       0 |      26 |   0.0 |  1462
           D:9 |       0 |    1406 |   0.0 |       0 |      25 |   0.0 |  2196
          D:10 |       0 |    2409 |   0.0 |       0 |      26 |   0.0 |  1330
          D:11 |       0 |     443 |   0.0 |       0 |       9 |   0.0 |   324
               +---------+---------+-------+---------+---------+-------+---------
